 Dungeon Crawl Stone Soup version 0.29-a0-275-g389c0b56f3 (webtiles) character file.

Game seed: 3589489129271623075

103 kae the Ruffian (level 4, 0/36 HPs)
             Began as a Draconian Transmuter on Mar 10, 2022.
             Succumbed to a water moccasin's poison
             ... on level 3 of the Dungeon.
             The game lasted 00:02:10 (2416 turns).

kae the Ruffian (Draconian Transmuter)              Turns: 2416, Time: 00:02:10

Health: 0/36       AC:  2    Str: 12 (13) XL:     4   Next: 51%
Magic:  5/7        EV: 19    Int: 14 (15) God:
Gold:   84         SH:  0    Dex: 15 (16) Spells: 3/7 levels left

rFire   . . .      SeeInvis .     - Unarmed
rCold   . . .      Faith    .   (shield currently unavailable)
rNeg    . . .      Spirit   .   (body armour unavailable)
rPois   x          Reflect  .   (helmet currently unavailable)
rElec   .          Harm     .   (cloak currently unavailable)
rCorr   .          Rampage  .   (gloves currently unavailable)
Will    .....                   (boots currently unavailable)
Stlth   +.........              (no amulet)
HPRegen 0.12/turn               (no ring)
MPRegen 0.10/turn               (no ring)

@: lethally poisoned (0 -> -14), spider-form (expiring)
A: venomous fangs, AC +5, tiny, unfitting armour, (cold-blooded)
a: End Transformation


You were on level 3 of the Dungeon.
You were a venomous arachnid creature.
You visited 1 branch of the dungeon, and saw 3 of its levels.

You collected 84 gold pieces.

Inventory:

Scrolls
 f - a scroll of enchant weapon
Potions
 a - a potion of lignification
 b - a potion of berserk rage
 c - a potion of might
 d - a potion of degeneration
 e - 3 potions of mutation {unknown}
 g - a potion of flight {unknown}
 j - a potion of cancellation {unknown}
 k - 2 potions of curing {unknown}


   Skills:
 + Level 2.0 Fighting
 + Level 2.1 Dodging
 * Level 3.8 Unarmed Combat
 + Level 2.4 Spellcasting
 * Level 3.0 Transmutations
 * Level 0.8 Poison Magic


You had 3 spell levels left.
You knew the following spells:

 Your Spells              Type           Power      Damage    Failure   Level
a - Beastly Appendage     Tmut           20%        N/A       19%         1
b - Spider Form           Tmut/Pois      7%         N/A       52%         3

Your spell library contained the following spells:

 Spells                   Type           Power      Damage    Failure   Level
 Wereblood                Tmut           10%        N/A       24%         2
 Apportation              Tloc           2%         N/A       43%         1
 Magic Dart               Conj           4%         1d3       43%         1
 Ensorcelled Hibernation  Hex/Ice        2%         N/A       56%         2
 Searing Ray              Conj           2%         2d4       56%         2
 Ice Form                 Ice/Tmut       5%         N/A       90%         4
 Anguish                  Hex/Necr       0%         N/A       98%         4
 Fulminant Prism          Conj/Hex       0%         3d6       98%         4
 Alistair's Intoxication  Tmut/Pois      4%         N/A       99%         5


Dungeon Overview and Level Annotations

Branches:
Dungeon (3/15)

Altars:


Innate Abilities, Weirdness & Mutations

You are a venomous arachnid creature.
You have poisonous fangs.
You are tiny and dextrous.
Your spellcasting is less reliable in this form.
Your armour is entirely melded.
You are incapable of wielding weapons or throwing items.
((Your plain brown scales are hard. (AC +5)))
You cannot fit into any form of body armour.
((You are cold-blooded and may be slowed by cold attacks.))


Message History

You closely miss the water moccasin.
The water moccasin is lightly wounded.
The water moccasin barely misses you.
The water moccasin completely misses you.
You hit the water moccasin but do no damage.
The water moccasin is lightly wounded.
The water moccasin completely misses you.
You hit the water moccasin.
The water moccasin is poisoned.
The water moccasin is moderately wounded.
Your transformation is almost over.
The water moccasin bites you but does no damage.
You hit the water moccasin.
The water moccasin is heavily wounded.
The water moccasin bites you.
You are lethally poisoned!
The water moccasin poisons you! The water moccasin closely misses you.
You completely miss the water moccasin.
The water moccasin is heavily wounded.
You feel extremely sick. The water moccasin barely misses you.
You barely miss the water moccasin.
The water moccasin is heavily wounded.
You feel very sick.
The water moccasin completely misses you.
You hit the water moccasin.
The water moccasin is severely wounded.
* * * LOW HITPOINT WARNING * * *
You feel very sick. The water moccasin barely misses you.
The water moccasin completely misses you.
You hit the water moccasin.
The water moccasin looks as sick as possible!
The water moccasin is almost dead.
* * * LOW HITPOINT WARNING * * *
You feel very sick.
The water moccasin completely misses you.
It was a potion of degeneration.
There was something very wrong with that liquid.
You feel weakened.
You feel dopey.
You feel clumsy.
You die...

####.# #.# #.#
#.# #.# ## #.#
..## #.# .....
#.######......
#.#>..sS.......
##.#########...
##


You could see a water moccasin (extremely poisoned).

Vanquished Creatures
  Natasha (twice) (D:2)
  An adder (D:2)
  A worm (D:2)
  A dart slug (D:1)
  An orc (D:3)
  4 endoplasms
  A giant cockroach (D:1)
  7 goblins
  2 hobgoblins (D:2)
  2 jackals (D:2)
  2 ball pythons (D:1)
  4 bats (D:1)
  6 frilled lizards
  4 kobolds
  3 rats
41 creatures vanquished.

Notes
Turn   | Place    | Note
-------+----------+-------------------------------------------
     0 | D:1      | kae the Draconian Transmuter began the quest for the Orb.
     0 | D:1      | Reached XP level 1. HP: 16/16 MP: 3/3
   305 | D:1      | Reached XP level 2. HP: 23/23 MP: 3/5
   974 | D:2      | Found a faded altar of an unknown god.
   985 | D:2      | Reached XP level 3. HP: 24/28 MP: 4/6
  1443 | D:2      | Learned a level 3 spell: Spider Form
  1788 | D:2      | Noticed Natasha
  1795 | D:2      | Killed Natasha
  1796 | D:2      | Reached XP level 4. HP: 34/36 MP: 5/7
  1871 | D:2      | Noticed Natasha
  1883 | D:2      | Killed Natasha
  2397 | D:3      | Noticed a water moccasin
  2416 | D:3      | Succumbed to a water moccasin's poison

Illustrated notes

Levels and vault maps discovered:
D:1:      grunt_arrival_lava_bath, layout_basic, amcnicky_mini_pool_small
D:2:      layout_basic, nicolae_ecumenical_pavilion, uniq_natasha
D:3:      minmay_razor_zed, layout_loops_ring, gup_sewer_entry_spiral,
          uniq_terence, uniq_crazy_yiuf_cottage

Skill      XL: |  1  2  3  4 |
---------------+-------------+-----
Dodging        | 2 |  2.1
Fighting       | 2 |  2.0
Transmutations | 3 |  3.0
Unarmed Combat | |  3.8
Spellcasting   | |  2.4
Poison Magic   | |  0.8

Action                   |  1- 3 |  4- 6 || total
-------------------------+-------+-------++-------
Melee: Unarmed           |   104 |    28 ||   132
       Kick              |    15 |       ||    15
       Headbutt          |     8 |       ||     8
       Tailslap          |     5 |     1 ||     6
 Cast: Beastly Appendage |    23 |     3 ||    26
       Spider Form       |       |     1 ||     1
  Use: Scroll            |     1 |     7 ||     8
       Potion            |       |     1 ||     1
 Stab: Sleeping          |     2 |       ||     2
Armor: Skin              |    38 |     2 ||    40
Dodge: Dodged            |    68 |    23 ||    91

Table legend: (Time is in decaauts)
 A = Elapsed time spent in this place.
 B = Non-inter-level travel time spent in this place.
 C = Inter-level travel time spent in this place.
 D = Time resting spent in this place.
 E = Time spent auto-exploring this place.
 F = Levels seen in this place.
 G = Mean time per level.
                   A        B        C        D        E       F      G
               +--------+--------+--------+--------+--------+-----+--------+
         Total |   2425 |   2351 |     74 |    250 |   1640 |   3 |  808.3 |
       Dungeon |   2425 |   2351 |     74 |    250 |   1640 |   3 |  808.3 |
               +--------+--------+--------+--------+--------+-----+--------+

Top non-repeatable levels by time:
     D:2: 1292 daAuts
     D:1: 971 daAuts
     D:3: 162 daAuts
